 Dungeon Crawl Stone Soup version 0.31-a0-1405-g2bb1a01664 (webtiles) character file.

Game seed: 10133626487256884596

71 jasper the Changeling (level 4, -1/35 HPs)
             Began as a Draconian Shapeshifter on Dec 25, 2023.
             Killed from afar by a rime drake (15 damage)
             ... with an icy flash freeze
             ... created by the adversity of Qazlal
             ... on level 2 of the Dungeon.
             The game lasted 00:02:42 (1432 turns).

jasper the Changeling (Draconian Shapeshifter)      Turns: 1432, Time: 00:02:43

Health: -1/35      AC:  5    Str: 17    XL:     4   Next: 5%
Magic:  4/4        EV: 12    Int: 10    God:
Gold:   91         SH:  0    Dex: 12    Spells: 3/3 levels left

rFire   . .          .
                       - Unarmed
rCold   . . .        (no shield)
rNeg    . . .        (body armour unavailable)
rPois   .            (helmet currently unavailable)
rElec   .            (cloak currently unavailable)
rCorr   .            (gloves currently unavailable)
SInv    .            (boots currently unavailable)
Will    .....        (no amulet)
Stlth   +            (no ring)
HPRegen 0.25/turn    (no ring)
MPRegen 0.09/turn

%: no passive effects
@: confused, beast-form
A: beast (slay +2), AC +5, unfitting armour, cold-blooded
a: Begin Untransformation


You were on level 2 of the Dungeon.
You were a hulking beast.
You visited 1 branch of the dungeon, and saw 2 of its levels.

You collected 91 gold pieces.

Inventory:

Missiles
 g - 2 boomerangs (quivered)
 i - 40 stones
 m - 4 poisoned darts
Talismans
 b - a beast talisman
 c - a flux talisman
 d - a talisman of death
Scrolls
 f - a scroll of fear {unknown}
 h - a scroll of blinking {unknown}
 l - a scroll of identify {unknown}
 n - a scroll of immolation {unknown}
Potions
 e - a potion of berserk rage {unknown}
 j - a potion of magic {unknown}
 k - a potion of enlightenment {unknown}
 o - a potion of heal wounds {unknown}


   Skills:
 - Level 1.1 Fighting
 - Level 1.7 Dodging
 - Level 3.0 Unarmed Combat
 + Level 4.7 Shapeshifting


You had 3 spell levels left.
You didn't know any spells.
Your spell library was empty.

Dungeon Overview and Level Annotations

Branches:
Dungeon (2/15)

Altars:
Qazlal

Annotations:
D:2 Natasha, Sigmund


Innate Abilities, Weirdness & Mutations

You are a hulking beast.
Your limbs bulge with bestial killing power. (Slay +2)
Your plain brown scales are hard. (AC +5)
You cannot fit into any form of body armour.
You are cold-blooded and may be slowed by cold attacks.


Message History

You hit the wind drake.
You kill the wind drake!
That felt strangely unrewarding.
Your transformation is almost over.
You start resting.
You feel less wooden.
You turn into a hulking beast.
You now have 15/35 hp.
You start resting.
Natasha, Servant of Life and Death comes into view.
Natasha wildly gestures.
Natasha's front paws start to glow.
Natasha wildly gestures.
You feel disoriented.
Natasha stares at you and mumbles some strange words.
The magic dart hits you.
You take 3 damage, and have 13/35 hp.
You hit Natasha.
Natasha is moderately wounded.
Natasha closely misses you.
You barely miss Natasha.
Your tail-slap misses Natasha.
Natasha is moderately wounded.
Natasha barely misses you.
You hit Natasha but do no damage.
Natasha is moderately wounded.
Natasha misses you.
Qazlal causes a mighty clap of thunder!
Qazlal incites the elements against you!
The divine experience confuses you!
You are confused.
A rime drake comes into view.
You hit Natasha. You tail-slap Natasha.
Natasha is severely wounded.
Natasha misses you.
Okay, then.
You are too confused!
You hit the rime drake but do no damage.
Natasha closely misses you. The rime drake breathes ice at you.
The icy flash freeze hits you!
You die...

#.# ##.## #.# #...#
##+######...#
#.......#...#
######..?....##'##
#....#.......##.#
#.$..#........#.#
#......†.k....#.#
#.........hh....#
#............##......#
#...###########.##...#
#.. #.# ..+ ## #.# .#
#.. # #.. ...


You could see a rime drake (catching breath) and Natasha.

Vanquished Creatures
  A wind drake (D:2)
  Natasha (D:2)
  An adder (D:2)
  A giant cockroach (D:1)
  3 goblins (D:1)
  5 hobgoblins
  4 jackals (D:2)
  3 kobolds
  2 ball pythons (D:2)
  3 bats
  11 frilled lizards
  5 rats
40 creatures vanquished.

Notes
Turn   | Place    | Note
-------+----------+-------------------------------------------
     0 | D:1      | jasper the Draconian Shapeshifter began the quest for the
                  | Orb.
     0 | D:1      | Reached XP level 1. HP: 16/16 MP: 1/1
     6 | D:1      | You fall into a shaft and drop 1 floor!
    66 | D:2      | Noticed Sigmund
   138 | D:1      | Reached XP level 2. HP: 22/23 MP: 2/2
   152 | D:1      | Found a faded altar of an unknown god.
   239 | D:1      | Prayed at the altar of an unknown god.
   239 | D:1      | Became a worshipper of Qazlal Stormbringer
   239 | D:1      | Reached * piety under Qazlal
   240 | D:1      | Fell from the grace of Qazlal
   502 | D:1      | Reached skill level 4 in Shapeshifting
   845 | D:1      | Reached XP level 3. HP: 28/28 MP: 3/3
  1334 | D:2      | Noticed Natasha
  1349 | D:2      | Killed Natasha
  1350 | D:2      | Reached XP level 4. HP: 19/35 MP: 4/4
  1394 | D:2      | Noticed a wind drake
  1413 | D:2      | Killed a wind drake
  1424 | D:2      | Noticed Natasha
  1431 | D:2      | Noticed a rime drake
  1432 | D:2      | Killed from afar by a rime drake

Illustrated notes

Levels and vault maps discovered:
D:1:      dpeg_arrival_pits, layout_loops_corners,
          shapermc_ecumenical_altar_mp_ritualfount, dk_noncrumbling_2,
          minmay_lizard_king
D:2:      layout_basic, uniq_natasha, uniq_sigmund

Skill      XL: |  1  2 |
---------------+-------+-----
Shapeshifting  | 4 |  4.7
Fighting       | |  1.1
Dodging        | |  1.7
Unarmed Combat | |  3.0

Action                     |  1- 3 |  4- 6 || total
---------------------------+-------+-------++-------
  Melee: Unarmed           |   105 |    23 ||   128
         Punch             |     1 |       ||     1
         Tailslap          |     6 |     1 ||     7
  Throw: Boomerang         |     1 |       ||     1
 Invoke: Renounce Religion |     1 |       ||     1
    Use: Potion            |       |     1 ||     1
 Armour: Skin              |    40 |    15 ||    55
  Dodge: Dodged            |    60 |     8 ||    68

Table legend: (Time is in decaauts)
 A = Elapsed time spent in this place.
 B = Non-inter-level travel time spent in this place.
 C = Inter-level travel time spent in this place.
 D = Time resting spent in this place.
 E = Time spent auto-exploring this place.
 F = Levels seen in this place.
 G = Mean time per level.
                   A        B        C        D        E       F      G
               +--------+--------+--------+--------+--------+-----+--------+
         Total |   1424 |   1357 |     67 |     53 |    991 |   2 |  712.0 |
       Dungeon |   1424 |   1357 |     67 |     53 |    991 |   2 |  712.0 |
               +--------+--------+--------+--------+--------+-----+--------+

Top non-repeatable levels by time:
     D:1: 1046 daAuts
     D:2: 377 daAuts
